 Dungeon Crawl Stone Soup version 0.26-a0-854-gdc81c2f471 (webtiles) character file.

Game seed: 6987243203114238813

33 iamoutofideas the Stinger (level 3, 0/21 HPs)
             Began as an Octopode Venom Mage on Nov 23, 2020.
             Succumbed to an adder's poison
             ... on level 2 of the Dungeon.
             The game lasted 00:01:23 (1026 turns).

iamoutofideas the Stinger (Octopode Venom Mage)     Turns: 1026, Time: 00:01:23

Health: 0/21       AC:  1    Str:  5 (7)  XL:     3   Next: 29%
Magic:  1/6        EV: 13    Int: 16 (18) God:
Gold:   64         SH:  0    Dex: 11 (12) Spells: 3/6 levels left

rFire    + . .     SeeInvis .   (no weapon)
rCold    + . .     Faith    .   (no shield)
rNeg     . . .     Spirit   .   (helmet restricted)
rPois    +         Reflect  .   (no amulet)
rElec    +         Harm     .   (no ring)
rCorr    +         Rampage  .   (no ring)
MR       .....                  (no ring)
Stlth    +++.......             (no ring)
HPRegen  0.07/turn              (no ring)
MPRegen  0.10/turn              (no ring)
                                (no ring)
                                (no ring)

@: lethally poisoned (0 -> -7), resistant
A: almost no armour, stealthy swim, amphibious, 8 rings, constrict 8, camouflage
1, gelatinous body 1
a: no special abilities


You were on level 2 of the Dungeon.
You visited 1 branch of the dungeon, and saw 2 of its levels.

You collected 64 gold pieces.

Inventory:

Armour
 a - a +0 buckler
Scrolls
 b - a scroll of fog {unknown}
 e - a scroll of immolation {unknown}
 h - 2 scrolls of identify {unknown}
 i - a scroll of enchant weapon {unknown}
 j - a scroll of enchant armour {unknown}
Potions
 f - a potion of cancellation
 g - 2 potions of lignification {unknown}
 k - a potion of flight {unknown}


   Skills:
 + Level 2.4 Dodging
 - Level 2.8 Stealth
 + Level 2.3 Spellcasting
 - Level 1.1 Transmutations
 + Level 4.4 Poison Magic


You had 3 spell levels left.
You knew the following spells:

 Your Spells              Type           Power        Failure   Level
a - Sting                 Tmut/Pois      ##..         6%          1
b - Poisonous Vapours     Pois/Air       #.....       12%         2

Your spell library contained the following spells:

 Spells                   Type           Power        Failure   Level
 Ignite Poison            Fire/Tmut/Pois #.......     28%         3
 Mephitic Cloud           Conj/Pois/Air  #.......     32%         3
 Olgreb's Toxic Radiance  Pois           ###.....     32%         4


Dungeon Overview and Level Annotations

Branches:
Dungeon (2/15)

Altars:
Kikubaaqudgha


Innate Abilities, Weirdness & Mutations

You cannot wear most types of armour.
You are very stealthy in the water. (Stealth+)
You are amphibious.
You can wear up to eight rings at the same time.
You can use your tentacles to constrict eight enemies at once.
Your skin changes colour to match your surroundings (Stealth+).
Your rubbery body absorbs attacks. (AC +1, EV +1)


Message History

Confirm with . or Enter, or press ? or * to list all spells.
Aiming: Sting (safe; 5% risk of failure)
Press: ? - help, Shift-Dir - straight line, f/p - adder
Aim: an adder (moderately wounded, very poisoned, 30% to evade)
The sting misses the adder.
The sting hits the jackal.
The jackal is poisoned.
The jackal is almost dead.
The adder closely misses you. The adder misses you.
It was a potion of cancellation.
You feel magically purged.
You kill the jackal!
The adder barely misses you.
It was a potion of degeneration.
There was something very wrong with that liquid.
You feel weakened.
You feel dopey.
You feel clumsy. The adder barely misses you. The adder bites you.
* * * LOW HITPOINT WARNING * * *
You are lethally poisoned!
The adder poisons you!
It was a potion of resistance.
You feel protected.
You die...

################
#.hhS@..##... .#
#.#####.##.###>#
#.h..#.)........#.#
......Sh#.###.##.#.#.#
##.#....# #.##.....#
#....... ..####.###
####.### #######.###
#. #.....# #+ #.###.#


You could see an adder (very poisoned) and 2 jackals.

Vanquished Creatures
  2 dart slugs (D:1)
  2 giant cockroaches (D:1)
  2 goblins (D:1)
  3 hobgoblins (D:1)
  7 jackals
  4 kobolds
  A bat (D:1)
  A frilled lizard (D:2)
  5 rats (D:1)
27 creatures vanquished.

Notes
Turn   | Place    | Note
-------+----------+-------------------------------------------
     0 | D:1      | iamoutofideas the Octopode Venom Mage began the quest for
                  | the Orb.
     0 | D:1      | Reached XP level 1. HP: 11/11 MP: 3/3
   179 | D:1      | Reached skill level 4 in Poison Magic
   179 | D:1      | Reached XP level 2. HP: 12/17 MP: 3/5
   310 | D:1      | Learned a level 2 spell: Poisonous Vapours
   506 | D:1      | Reached XP level 3. HP: 21/21 MP: 4/6
   938 | D:2      | Found an ancient bone altar of Kikubaaqudgha.
  1025 | D:2      | HP: 1/21 [adder (3)]
  1026 | D:2      | Succumbed to an adder's poison

Illustrated notes

Levels and vault maps discovered:
D:1:      saegor_arrival_miasma, layout_loops_ring
D:2:      layout_loops_corners, nicolae_overflow_crystal_walls,
          amethyst_overflow_temple_binary, grunt_ministairs_14, uniq_natasha

Skill      XL: |  1 |
---------------+----+-----
Poison Magic   | 4 |  4.4
Dodging        | |  2.4
Stealth        | |  2.8
Spellcasting   | |  2.3
Transmutations | |  1.1

Action                   || total
-------------------------++-------
Melee: Unarmed           ||    36
       Constrict         ||    13
       Tentacles         ||     5
 Cast: Sting             ||    32
  Use: Potion            ||     3
 Stab: Sleeping          ||     2
Armor: Skin              ||     3
Dodge: Dodged            ||    40

Table legend: (Time is in decaauts)
 A = Elapsed time spent in this place.
 B = Non-inter-level travel time spent in this place.
 C = Inter-level travel time spent in this place.
 D = Time resting spent in this place.
 E = Time spent auto-exploring this place.
 F = Levels seen in this place.
 G = Mean time per level.
                   A        B        C        D        E       F      G
               +--------+--------+--------+--------+--------+-----+--------+
         Total |   1025 |   1017 |      8 |     84 |    736 |   2 |  512.5 |
       Dungeon |   1025 |   1017 |      8 |     84 |    736 |   2 |  512.5 |
               +--------+--------+--------+--------+--------+-----+--------+

Top non-repeatable levels by time:
     D:1: 792 daAuts
     D:2: 233 daAuts
